 Dungeon Crawl Stone Soup version 0.25-a0-285-gcba6f664f8 (webtiles) character file.

Game seed: 1938300088097863207, levelgen mode: deterministic

66435 night the Fighter (level 14, -1/120 HPs)
             Began as a Demonspawn Hunter on Dec 10, 2019.
             Was the Champion of Cheibriados.
             Slain by a red devil
             ... wielding a +2 demon trident of electrocution
             ... summoned by an orc sorcerer
              (11 damage)
             ... on level 2 of the Orcish Mines on Dec 11, 2019.
             The game lasted 01:48:19 (25503 turns).

night the Fighter (Demonspawn Hunter)              Turns: 25503, Time: 01:48:21

Health: -1/120     AC: 20    Str: 32    XL:     14   Next: 79%
Magic:  20/23      EV: 11    Int: 32    God:    Cheibriados [******]
Gold:   2806       SH:  0    Dex: 29    Spells: 22/25 levels left

rFire    + . .     SeeInvis .   a - +3 hand axe (elec)
rCold    . . .     Gourm    .   (no shield)
rNeg     . . .     Faith    .   I - +2 ring mail {MR+}
rPois    +         Spirit   .   (helmet restricted)
rElec    .         Reflect  .   M - +2 cloak
rCorr    .         Harm     .   (no gloves)
MR       +++..                  U - +0 pair of boots
Stlth    ++++......             Z - amulet of regeneration
HPRegen  1.70/turn              S - ring of poison resistance
MPRegen  0.18/turn              n - ring "Julourits" {rF+ MR+ Str+4}

@: sanguine armour, heavily drained, very slow
A: horns 2, nightstalker 2, powered by death 2, sanguine armour 2
a: Bend Time, Temporal Distortion, Slouch, Step From Time, Renounce Religion


You were on level 2 of the Orcish Mines.
You worshipped Cheibriados.
Cheibriados was exalted by your worship.
You were not hungry.

You visited 4 branches of the dungeon, and saw 20 of its levels.
You also visited: Gauntlet.

You collected 2881 gold pieces.
You spent 75 gold pieces at shops.

Inventory:

Hand Weapons
 a - a +3 hand axe of electrocution (weapon)
 b - a +3 shortbow
 m - a +2 longbow of flaming
 p - a +0 vampiric whip
 Q - a +2 dagger of venom
Missiles
 d - 258 arrows
 v - a throwing net
 J - 53 poisoned darts (quivered)
Armour
 j - a scarf of resistance
 I - a +2 ring mail of magic resistance (worn)
 M - a +2 cloak (worn)
 U - a +0 pair of boots (worn)
Magical Staves
 H - an uncursed staff of poison
 X - an uncursed staff of energy
Jewellery
 h - a +2 ring of dexterity
 i - an uncursed ring of fire
 n - the ring "Julourits" (right hand) {rF+ MR+ Str+4}
   (You found it in a Gauntlet)

   [ring of protection from magic]

   It affects your strength (+4).
   It protects you from fire.
   It affects your resistance to hostile enchantments.
 o - an uncursed ring of protection from cold
 t - a +3 ring of evasion
 x - an uncursed ring of see invisible
 A - the ring "Saolifry" {MR+ SInv}
   (You found it in a Gauntlet)

   [ring of protection from magic]

   It affects your resistance to hostile enchantments.
   It lets you see invisible.
 G - a +1 ring of evasion
 S - a ring of poison resistance (left hand)
 T - a +4 ring of intelligence
 Z - an amulet of regeneration (around neck)
Wands
 k - a wand of paralysis (8)
 u - a wand of disintegration (3)
 R - a wand of flame (32)
 W - a wand of digging (4)
Scrolls
 e - 5 scrolls of immolation
 g - 10 scrolls of remove curse
 l - 2 scrolls of fear
 q - 10 scrolls of teleportation
 s - 3 scrolls of blinking
 w - a scroll of silence {unknown}
 C - 5 scrolls of identify
 F - a scroll of fog
 V - a scroll of brand weapon {unknown}
Potions
 c - 2 potions of lignification
 r - a potion of flight
 z - 5 potions of haste
 B - a potion of cancellation
 D - 6 potions of ambrosia
 K - a potion of magic
 O - 3 potions of heal wounds
 P - 3 potions of curing
Miscellaneous
 y - a lamp of fire (inert)
 Y - a phial of floods (inert)
Comestibles
 f - 43 rations
 E - 11 chunks of flesh


   Skills:
 + Level 14.1(12.4) Fighting
 + Level 10.9(9.3) Axes
 + Level 13.4(11.7) Bows
 - Level 1.7(0.5) Dodging
 - Level 0.8(0.0) Stealth
 - Level 0.7(0.0) Unarmed Combat
 + Level 6.2(4.8) Spellcasting
 + Level 7.0(5.5) Hexes
 - Level 10.2(8.6) Invocations


You had 22 spell levels left.
You knew the following spells:

 Your Spells              Type           Power        Failure   Level  Hunger
a - Confuse               Hex            #####...     2%          3    None

Your spell library contained the following spells:

 Spells                   Type           Power        Failure   Level  Hunger
 Corona                   Hex            #####..      1%          1    None
 Tukima's Dance           Hex            #####...     2%          3    None
 Ensorcelled Hibernation  Hex/Ice        ####..       3%          2    None
 Dazzling Flash           Conj/Hex       ####..       7%          3    None
 Spectral Weapon          Hex/Chrm       ####....     7%          3    None
 Foxfire                  Conj/Fire      #...         8%          1    None
 Infusion                 Chrm           #...         8%          1    None
 Cause Fear               Hex            #####.....   8%          4    ###....
 Poisonous Vapours        Pois/Air       #.....       11%         2    None
 Shroud of Golubria       Chrm/Tloc      #.....       11%         2    None
 Song of Slaying          Chrm           #.......     11%         2    None
 Conjure Flame            Conj/Fire      #.......     22%         3    None
 Mephitic Cloud           Conj/Pois/Air  #.......     22%         3    None
 Regeneration             Chrm/Necr      #.........   22%         3    None
 Freezing Cloud           Conj/Ice/Air   #.........   100%        6    ######.
 Dragon Form              Tmut           #.........   100%        7    #######
 Ring of Flames           Chrm/Fire      #.........   100%        7    #######
 Dragon's Call            Summ           #.........   100%        9    #######


Dungeon Overview and Level Annotations

Branches:
Dungeon (11/15)            Temple (1/1) D:4            Lair (6/6) D:11
 Shoals (0/4) Lair:3       Spider (0/4) Lair:2        Slime (0/5) Lair:5
    Orc (2/2) D:10            Elf (0/3) Orc:2       Gauntlet (visited)

Altars:
Ashenzari
Cheibriados
Dithmenos
Elyvilon
Fedhas
Gozag
Hepliaklqana
Kikubaaqudgha
Makhleb
Nemelex Xobeh
Okawaru
Qazlal
Ru
Sif Muna
Trog
Uskayaw
Vehumet
Wu Jian
Xom
Yredelemnul
Zin
The Shining One
Beogh

Shops:
D:5 *:}   D:6 [   D:7 =   Orc:1 [   Orc:2 *

Annotations:
Lair:2 Gastronok
Lair:5 exclusion: hydra
Orc:1 1 transporter, Lieconux's ghost, journeyman TrMo


Innate Abilities, Weirdness & Mutations

You have a pair of horns on your head.
You are significantly more attuned to the shadows.
You regenerate health from kills.
When seriously injured, your bleeding wounds create thick armour. (AC +9)


Message History

You slash the orc sorcerer!
Lightning courses through the orc sorcerer!
The orc sorcerer is severely wounded.
The orc sorcerer closely misses you.
You closely miss the orc sorcerer. Your headbutt misses the orc sorcerer.
The orc sorcerer is heavily wounded.
You hit the orc priest but do no damage.
Lightning courses through the orc priest!
The red devil hits you from afar with a +2 demon trident of electrocution!
* * * LOW HITPOINT WARNING * * *
You are electrocuted!
* * * LOW HITPOINT WARNING * * *
The orc priest hits you but does no damage.
You hit the orc sorcerer but do no damage.
The orc sorcerer is heavily wounded.
You barely miss the orc priest. The orc sorcerer misses you.
The red devil hits you from afar with a +2 demon trident of electrocution.
* * * LOW HITPOINT WARNING * * *
You are electrocuted!
You die...

#.#.^.......................
............................
#.........................
#..................#######
#.........#.....(.##
##..............(##
##....).......(.#
###.#..#o4.....#
##...@#)).#..#
#.[)))o......#
##.#.))()....#.
####.)..)..... ##...)(....
##...#(... ##....(#. ##....#
.....#


You could see an orc sorcerer, a red devil and an orc priest.

Vanquished Creatures
  Rupert (Lair:5)
  Nessos (Lair:6)
  A minotaur (Gauntlet)
  Josephine (Lair:5)
  A hydra (Lair:1)
  Fannar (Lair:2)
  Erica (Lair:2)
  3 catoblepae (Lair:6)
  2 two-headed ogres (Orc:1)
  10 death yaks
  A hell hog (Gauntlet)
  2 orc high priests (Orc:2)
  Nergalle (Lair:3)
  An unseen horror (D:10)
  An orc knight (Orc:1)
  3 orc sorcerers
  A cyclops (D:11)
  5 manticores
  A deep elf mage (D:8)
  An ugly thing (D:8)
  9 black mambas
  5 elephants (Lair:6)
  A centaur skeleton (D:10)
  4 komodo dragons
  11 spiny frogs
  A minotaur zombie (Gauntlet)
  A rime drake (Lair:6)
  A troll (Orc:2)
  A queen bee (Gauntlet)
  A hornet (D:8)
  2 polar bears
  6 slime creatures (D:11)
  Grinder (D:3)
  2 raiju (Gauntlet)
  6 dream sheep (Lair:6)
  6 hippogriffs
  6 wraiths
  7 basilisks
  77 yaks
  4 hogs (D:9)
  Eustachio (D:4)
  A human (D:9)
  6 wyverns
  4 fire bats (Gauntlet)
  4 vampire mosquitoes (D:11)
  Edmund (D:6)
  4 wargs
  10 water moccasins
  2 hell hounds (Gauntlet)
  8 porcupines
  Duvessa (D:5)
  18 orc warriors
  Purgy (D:3)
  3 black bears
  5 ice beasts
  3 phantoms
  4 ogres
  An eye of draining (D:8)
  4 centaurs
  5 wolves
  12 crocodiles
  20 bullfrogs
  Dowan (D:5)
  A wyvern zombie (D:8)
  A water moccasin zombie (D:11)
  5 scorpions
  17 killer bees
  An electric eel (Lair:4)
  A howler monkey (D:6)
  6 crimson imps
  2 bullfrog zombies
  3 centaur zombies
  4 hounds
  25 orc wizards
  10 orc priests
  9 jellies
  A bullfrog skeleton (D:8)
  3 iguanas
  11 worker ants
  4 hell rats (Lair:4)
  A lightning spire (Gauntlet)
  3 hound zombies
  A hound skeleton (D:5)
  3 worker ant zombies
  4 gnolls (D:4)
  17 adders
  4 shadow imps
  3 oozes (D:3)
  4 adder skeletons
  6 worms
  4 leopard geckos
  69 orcs
  2 ball pythons
  10 bats
  3 giant cockroaches
  7 goblins
  6 hobgoblins
  9 jackals
  2 quokkas (D:2)
  4 frilled lizards
  8 kobolds
  A leopard gecko skeleton (D:5)
  5 rats
  2 fungi
  3 plants
595 creatures vanquished.

Vanquished Creatures (collateral kills)
  Erolcha (Orc:1)
1 creature vanquished.

Vanquished Creatures (others)
  2 orc wizards
  2 bushes (Lair:5)
  3 demonic plants (Gauntlet)
  9 fungi
  5 plants
  25 withered plants (Gauntlet)
46 creatures vanquished.

Grand Total: 642 creatures vanquished

Notes
Turn   | Place    | Note
-------+----------+-------------------------------------------
     0 | D:1      | night the Demonspawn Hunter began the quest for the Orb.
     0 | D:1      | Reached XP level 1. HP: 16/16 MP: 1/1
   257 | D:1      | Gained mutation: You are slightly more attuned to the
                  | shadows. [demonic ancestry]
   257 | D:1      | Reached XP level 2. HP: 13/22 MP: 2/2
  1175 | D:2      | Gained mutation: When seriously injured, your bleeding
                  | wounds create armour. (AC +9) [demonic ancestry]
  1175 | D:2      | Reached XP level 3. HP: 19/28 MP: 3/3
  1379 | D:2      | Upgraded the game from 0.25-a0-280-gfa4545f159 to
                  | 0.25-a0-285-gcba6f664f8
  1404 | D:2      | Reached skill level 3 in Fighting
  1880 | D:2      | Gained mutation: You have a pair of small horns on your
                  | head. [demonic ancestry]
  1880 | D:2      | Reached XP level 4. HP: 35/35 MP: 4/4
  2300 | D:2      | Reached XP level 5. HP: 39/42 MP: 5/5
  2490 | D:3      | Found a snail-covered altar of Cheibriados.
  2491 | D:3      | Noticed a wyvern
  2510 | D:3      | Found a transporter.
  2527 | D:3      | Found a transporter.
  2560 | D:3      | Found a shadowy altar of Dithmenos.
  2622 | D:3      | Killed a wyvern
  2622 | D:3      | Reached skill level 4 in Fighting
  2622 | D:3      | Reached skill level 5 in Bows
  2622 | D:3      | Gained mutation: You are significantly more attuned to the
                  | shadows. [demonic ancestry]
  2622 | D:3      | Reached XP level 6. HP: 18/49 MP: 6/6
  2842 | D:3      | Became a worshipper of Cheibriados the Contemplative
  3037 | D:3      | Noticed Grinder
  3131 | D:3      | Paralysed by Grinder for 7 turns
  3148 | D:3      | Killed Grinder
  3148 | D:3      | Reached skill level 5 in Fighting
  3300 | D:3      | Gained mutation: You regenerate a little health from kills.
                  | [demonic ancestry]
  3300 | D:3      | Reached XP level 7. HP: 56/56 MP: 7/7
  3412 | D:3      | Found a shimmering blue altar of Sif Muna.
  3529 | D:3      | Noticed Purgy
  3542 | D:3      | Killed Purgy
  3678 | D:3      | Found a burning altar of Makhleb.
  3695 | D:3      | Reached * piety under Cheibriados
  4001 | D:4      | Noticed Eustachio
  4028 | D:4      | Killed Eustachio
  4028 | D:4      | Reached skill level 6 in Fighting
  4550 | D:4      | Reached XP level 8. HP: 56/65 MP: 8/8
  4651 | D:4      | Found a blossoming altar of Fedhas.
  4655 | D:4      | Found a stormy altar of Qazlal.
  4658 | D:4      | Found a sparkling altar of Nemelex Xobeh.
  4660 | D:4      | Found a basalt altar of Yredelemnul.
  4863 | D:4      | Reached skill level 7 in Fighting
  5233 | D:4      | Found a staircase to the Ecumenical Temple.
  5240 | Temple   | Entered the Ecumenical Temple
  5503 | D:5      | Entered Level 5 of the Dungeon
  5538 | D:5      | Found Beahiog's General Store.
  5548 | D:5      | Bought a scroll of teleportation for 45 gold pieces
  5548 | D:5      | Bought a scroll of fog for 30 gold pieces
  5603 | D:5      | Found Zur Waa's Book Emporium.
  5606 | D:5      | Noticed Duvessa
  5615 | D:5      | Noticed Dowan
  5637 | D:5      | Killed Duvessa
  5640 | D:5      | Killed Dowan
  5933 | D:5      | Reached ** piety under Cheibriados
  6031 | D:5      | Found Kulohupi's Gadget Boutique.
  6083 | D:5      | You fall into a shaft and drop 2 floors!
  6085 | D:7      | Found Boxyuci's Jewellery Boutique.
  6190 | D:7      | Found a glowing silver altar of Zin.
  6204 | D:7      | Reached skill level 8 in Fighting
  6603 | D:6      | Found a glowing golden altar of the Shining One.
  6628 | D:6      | Noticed Edmund
  6645 | D:6      | Killed Edmund
  6700 | D:6      | Reached XP level 9. HP: 22/75 MP: 9/9
  7294 | D:6      | Found Ittolyqu's Antique Armour Emporium.
  7610 | D:7      | Found a hazy altar of Hepliaklqana.
  7657 | D:7      | Reached *** piety under Cheibriados
  7657 | D:7      | Reached skill level 1 in Axes
  7704 | D:7      | Reached skill level 9 in Fighting
  8269 | D:7      | Got a smoking whip
  8270 | D:7      | Identified the cursed +0 whip "Cues" {antimagic, rN+} (You
                  | found it on level 7 of the Dungeon)
  8555 | D:8      | Noticed a white ugly thing
  9517 | D:8      | Reached **** piety under Cheibriados
  9530 | D:8      | Killed a white ugly thing
  9530 | D:8      | Gained mutation: When seriously injured, your bleeding
                  | wounds create thick armour. (AC +9) [demonic ancestry]
  9530 | D:8      | Reached XP level 10. HP: 40/85 MP: 4/10
  9908 | D:8      | Reached skill level 10 in Fighting
 10250 | D:8      | Got an ancient iron amulet
 10318 | D:8      | Noticed a manticore
 10329 | D:8      | Killed a manticore
 10329 | D:8      | Reached skill level 10 in Bows
 10567 | D:8      | Noticed a deep elf mage
 10567 | D:8      | Noticed a manticore
 10573 | D:8      | Killed a deep elf mage
 10573 | D:8      | Reached skill level 5 in Axes
 10573 | D:8      | Reached skill level 1 in Invocations
 10574 | D:8      | Killed a manticore
 10624 | D:8      | Got a transparent robe
 10635 | D:8      | Identified the +1 robe of Ypuucw {rF+ Str+3 Dex+3 Stlth+}
                  | (You found it on level 8 of the Dungeon)
 11100 | D:9      | Learned a level 3 spell: Confuse
 11121 | D:9      | Gained mutation: You have a pair of horns on your head.
                  | [demonic ancestry]
 11121 | D:9      | Reached XP level 11. HP: 60/92 MP: 14/14
 11210 | D:9      | Found an ornate altar of the Wu Jian Council.
 11230 | D:9      | Found an ancient bone altar of Kikubaaqudgha.
 11253 | D:9      | Found an iron altar of Okawaru.
 11621 | D:10     | Entered Level 10 of the Dungeon
 11659 | D:10     | Reached skill level 11 in Fighting
 11890 | D:10     | Reached skill level 5 in Invocations
 11907 | D:10     | Reached ***** piety under Cheibriados
 12043 | D:10     | Killed an unseen horror
 12108 | D:10     | Identified the +5 robe of the Country {rN+ Int-2 Stlth+}
 12146 | D:10     | Found a staircase to the Orcish Mines.
 13542 | D:11     | Found a staircase to the Lair.
 13957 | Lair:1   | Entered Level 1 of the Lair of Beasts
 13957 | Lair:1   | Noticed a five-headed hydra
 13966 | Lair:1   | Killed a five-headed hydra
 14341 | Lair:1   | Reached XP level 12. HP: 58/102 MP: 16/18
 14899 | Lair:1   | Reached skill level 12 in Fighting
 15328 | Lair:2   | Noticed an eight-headed hydra
 15614 | Lair:2   | Noticed Erica
 15623 | Lair:2   | Killed Erica
 15783 | Lair:2   | Found a hole to the Spider Nest.
 16231 | Lair:2   | Identified the amulet of Monotheism {Faith Dex+2} (You
                  | found it on level 8 of the Dungeon)
 16367 | Lair:2   | Noticed Fannar
 16401 | Lair:2   | Killed Fannar
 16408 | Lair:2   | Noticed Gastronok
 16725 | Lair:3   | Found a staircase to the Shoals.
 16893 | Lair:3   | Noticed Nergalle
 16901 | Lair:3   | Killed Nergalle
 16901 | Lair:3   | Reached skill level 10 in Invocations
 17728 | Lair:3   | Reached skill level 1 in Hexes
 17737 | Lair:3   | Reached skill level 1 in Spellcasting
 18179 | Lair:4   | Reached ****** piety under Cheibriados
 18188 | Lair:4   | Gained mutation: You regenerate health from kills. [demonic
                  | ancestry]
 18188 | Lair:4   | Reached XP level 13. HP: 10/109 MP: 20/20
 18806 | Lair:4   | Identified a scroll of acquirement
 19490 | Lair:5   | Found a gate leading to a gauntlet.
 19509 | Gauntlet | Entered a Gauntlet
 19509 | Gauntlet | Found a transporter.
 19509 | Gauntlet | Found a transporter.
 19518 | Gauntlet | Found a transporter.
 19548 | Gauntlet | Found a transporter.
 19550 | Gauntlet | Found the amulet of the Air {Inacc +Fly rElec EV+5 RMsl}
 19559 | Gauntlet | Found a transporter.
 19559 | Gauntlet | Found a transporter.
 19559 | Gauntlet | Noticed an entropy weaver
 19573 | Gauntlet | Found a runed translucent gate.
 19573 | Gauntlet | Found a runed translucent gate.
 19574 | Gauntlet | Found a runed translucent gate.
 19574 | Gauntlet | Found a large runed translucent door.
 19574 | Gauntlet | Found a large runed translucent door.
 19576 | Gauntlet | Found a large runed translucent door.
 19577 | Gauntlet | Found a large runed translucent door.
 19584 | Gauntlet | Found a large runed translucent door.
 19584 | Gauntlet | Found a transporter.
 19585 | Gauntlet | Found a large runed translucent door.
 19586 | Gauntlet | Found a large runed translucent door.
 19586 | Gauntlet | Found a large runed translucent door.
 19586 | Gauntlet | Found a runed translucent door.
 19587 | Gauntlet | Found a large runed translucent door.
 19588 | Gauntlet | Found a large runed translucent door.
 19612 | Gauntlet | Found a transporter.
 19645 | Gauntlet | Found a transporter.
 19653 | Gauntlet | Found a transporter.
 19675 | Gauntlet | Found a transporter.
 19682 | Gauntlet | Found a transporter.
 19684 | Gauntlet | Found a large runed translucent door.
 19690 | Gauntlet | Found a large runed translucent door.
 19691 | Gauntlet | Found a large runed translucent door.
 19691 | Gauntlet | Found a large runed translucent door.
 19691 | Gauntlet | Found a runed translucent door.
 19692 | Gauntlet | Found a large runed translucent door.
 19693 | Gauntlet | Found a large runed translucent door.
 19774 | Gauntlet | Found a transporter.
 19782 | Gauntlet | Found a transporter.
 19804 | Gauntlet | Found a transporter.
 19810 | Gauntlet | Found a transporter.
 20014 | Gauntlet | Got a pitted glass ring
 20056 | Gauntlet | Identified the ring "Julourits" {rF+ MR+ Str+4} (You found
                  | it in a Gauntlet)
 20283 | Gauntlet | Got a slimy granite ring
 20320 | Gauntlet | Identified the ring "Saolifry" {MR+ SInv} (You found it in
                  | a Gauntlet)
 20361 | Gauntlet | Noticed a minotaur
 20379 | Gauntlet | Killed a minotaur
 20379 | Gauntlet | Reached skill level 13 in Fighting
 20656 | Lair:5   | Noticed Rupert
 20673 | Lair:5   | Killed Rupert
 21091 | Lair:5   | Found a staircase to the Slime Pits.
 21104 | Lair:5   | Noticed Josephine
 21113 | Lair:5   | Killed Josephine
 21866 | Lair:6   | Entered Level 6 of the Lair of Beasts
 22240 | Lair:6   | Reached skill level 10 in Axes
 22476 | Lair:6   | Noticed Nessos
 22503 | Lair:6   | Killed Nessos
 22503 | Lair:6   | Reached skill level 5 in Hexes
 22695 | Lair:6   | Reached XP level 14. HP: 118/118 MP: 21/21
 23052 | Lair:6   | Reached skill level 5 in Spellcasting
 24288 | Orc:1    | Entered Level 1 of the Orcish Mines
 24456 | Orc:2    | Entered Level 2 of the Orcish Mines
 24658 | Orc:2    | Reached skill level 14 in Fighting
 24809 | Orc:2    | Found a roughly hewn altar of Beogh.
 24856 | Orc:2    | Found a staircase to the Elven Halls.
 24900 | Orc:2    | Found Jaoqeot's Assorted Antiques.
 24922 | Orc:1    | Noticed Erolcha
 24930 | Orc:1    | Killed Erolcha
 25030 | Orc:1    | Found Mimifah's Armour Boutique.
 25081 | Orc:1    | Identified the +5 great mace of Imminent Death {speed, MR+
                  | SInv Stlth+}
 25082 | Orc:1    | Noticed Lieconux's ghost (journeyman TrMo)
 25089 | Orc:1    | Found a transporter.
 25503 | Orc:2    | Slain by a red devil

Levels and vault maps discovered:
D:1:      evilmike_arrival_crescent, layout_basic
D:2:      layout_loops_ring, first_ration, minmay_vboxes
D:3:      layout_basic, gammafunk_temple_overflow_arena, lemuel_doored_altar,
          nicolae_overflow_crystal_walls, lemuel_blue_sif_altar, uniq_grinder,
          uniq_purgy
D:4:      layout_basic, minitemple, temple_green, uniq_eustachio
D:5:      layout_gridville, serial_shops, nicolae_shop_statue_plus, shop,
          kennysheep_little_box, shop, uniq_duvessa, uniq_ijyb
D:6:      layout_basic, serial_shops, shop, tso_metal_star, uniq_edmund
D:7:      layout_gridville, overflow_temple_1_default, serial_shops,
          nicolae_shop_crystal, basic_altar
D:8:      minmay_the_grid_octo_2x2 [minmay_the_grid_octo_tetromino_candy,
          minmay_the_grid_octo_teeth, minmay_the_grid_octo_checkered,
          minmay_the_grid_octo_prize_single_spiral], layout_basic
D:9:      layout_rooms, grunt_temple_overflow_open, okawaru_trees_2,
          grunt_livestock
D:10:     layout_loops_cross, orc_david_3
D:11:     layout_stronghold, lair_entry_dummy, serial_bayou_pond_e
Temple:   minmay_temple_curvy_loop
Lair:1:   layout_cave_shapes, grunt_megastairs_2, lemuel_fruit_fields,
          serial_bayou_shore_b
Lair:2:   lemuel_slime, layout_regular_city, spider_nest_entry_web_field,
          bh_autumn_forest_stairs, serial_bayou_pond_d, grunt_megastairs_5,
          uniq_erica, uniq_harold, uniq_gastronok, uniq_fannar
Lair:3:   layout_regular_city, minmay_shoals_entry_beasts,
          grunt_forest_stairs_basic, uniq_nergalle
Lair:4:   layout_misc_corridors, gammafunk_lair_bear_cave
Lair:5:   cheibrodos_lair_river_kwai, layout_cave_pods,
          nicolae_slime_entry_slimehenge, gauntlet_entry_generic,
          uniq_josephine, uniq_rupert
Lair:6:   evilmike_catoblepas_cave, layout_regular_city, uniq_nessos
Orc:1:    layout_caves, serial_shops, nicolae_shop_behind_doors,
          gammafunk_ghost_smash, uniq_erolcha
Orc:2:    st_orc_mages, layout_caves, serial_shops, shop, mines2_david

Skill      XL: |  1  2  3  4  5  6  7  8  9 10 11 12 13 14 |
---------------+-------------------------------------------+-----
Bows           | 4 5 7 8 9 10 11 12 13 | 13.4
Fighting       | 3 4 5 6 8 9 10 11 12 13 14 | 14.1
Axes           | 4 6 7 9 10 | 10.9
Invocations    | 4 8 10 | 10.2
Hexes          | 1 5 7 |  7.0
Spellcasting   | 1 4 6 |  6.2
Dodging        | |  1.7
Stealth        | |  0.8
Unarmed Combat | |  0.7

Action                   |  1- 3 |  4- 6 |  7- 9 | 10-12 | 13-15 || total
-------------------------+-------+-------+-------+-------+-------++-------
Melee: Short sword       |    45 |       |       |       |       ||    45
       Dagger            |    40 |    93 |   182 |     5 |       ||   320
       Whip              |     5 |    30 |    15 |       |       ||    50
       Headbutt          |       |    22 |    94 |   218 |   199 ||   533
       Punch             |       |     1 |     3 |     2 |     2 ||     8
       Hand axe          |       |       |   202 |   587 |   533 ||  1322
 Fire: Shortbow          |    24 |    14 |    72 |    67 |   166 ||   343
       Longbow           |       |       |       |       |    12 ||    12
Throw: Dart              |       |       |     4 |    25 |     6 ||    35
 Cast: Confuse           |       |       |       |       |     7 ||     7
Invok: Slouch            |       |       |     1 |     4 |     5 ||    10
       Bend Time         |       |       |       |       |     3 ||     3
Evoke: Wand              |       |     5 |     1 |     3 |     5 ||    14
       Lamp of fire      |       |       |       |       |     2 ||     2
       Phial of floods   |       |       |       |       |     2 ||     2
  Use: Potion            |       |     3 |     5 |     1 |     4 ||    13
       Scroll            |       |       |    21 |     2 |     7 ||    30
 Stab: Sleeping          |     4 |     4 |     8 |    17 |    10 ||    43
       Distracted        |       |       |     5 |       |     2 ||     7
       Confused          |       |       |       |       |     6 ||     6
  Eat: Chunk             |     3 |     4 |    10 |    14 |    12 ||    43
       Ration            |       |       |       |       |     1 ||     1
Armor: Leather armour    |    12 |       |    29 |       |       ||    41
       Scale mail        |    10 |    70 |    32 |       |       ||   112
       Ring mail         |       |       |   115 |   270 |   244 ||   629
Dodge: Dodged            |    62 |    61 |   278 |   335 |   268 ||  1004

Table legend:
 A = Non-vault XP
 B = Vault XP
 C = Vault XP percentage of total XP
 D = Non-vault monster count
 E = Vault monster count
 F = Vault count percentage of total count
                 A         B        C        D         E       F
            +---------+---------+-------+---------+---------+-------
      Total |   56336 |   38572 |  40.6 |     448 |     143 |  24.2
            +---------+---------+-------+---------+---------+-------
        D:1 |      30 |       0 |   0.0 |      17 |       0 |   0.0
        D:2 |      96 |      76 |  44.2 |      29 |       6 |  17.1
        D:3 |      84 |     610 |  87.9 |      19 |       5 |  20.8
        D:4 |     597 |     197 |  24.8 |      20 |       1 |   4.8
        D:5 |     219 |     220 |  50.1 |      11 |       2 |  15.4
        D:6 |     650 |     171 |  20.8 |      17 |       1 |   5.6
        D:7 |    1456 |       0 |   0.0 |      32 |       0 |   0.0
        D:8 |     937 |    3197 |  77.3 |      21 |      15 |  41.7
        D:9 |    1977 |     988 |  33.3 |      24 |       5 |  17.2
       D:10 |    3140 |     138 |   4.2 |      29 |       4 |  12.1
       D:11 |    6058 |       0 |   0.0 |      38 |       0 |   0.0
     Lair:1 |    3889 |     143 |   3.5 |      16 |       1 |   5.9
     Lair:2 |    3645 |    3723 |  50.5 |      18 |      10 |  35.7
     Lair:3 |    3574 |    1596 |  30.9 |      18 |       3 |  14.3
     Lair:4 |    4179 |     607 |  12.7 |      21 |       6 |  22.2
     Lair:5 |    4865 |    5991 |  55.2 |      17 |      14 |  45.2
     Lair:6 |   14035 |   13432 |  48.9 |      49 |      24 |  32.9
      Orc:1 |    5081 |     601 |  10.6 |      36 |       1 |   2.7
      Orc:2 |    1824 |    2404 |  56.9 |      16 |      26 |  61.9
   Gauntlet |       0 |    4478 | 100.0 |       0 |      19 | 100.0
            +---------+---------+-------+---------+---------+-------
